Map: Romanticide LE

Players

Solar

  • Race: Zerg Zerg
  • League: Master
  • Spawn Location: 11:00

Rogue - Winner!

  • Race: Zerg Zerg
  • Spawn Location: 5:00

Event: TSL 6

VOD

Have the link to the VOD?

Description

Time

  • Played on: Dec. 12, 2020, 12:31 p.m.
  • Length: 14:11

All games in this series

Show
View Real Time Build Order
Export as new Build Order

Solar Zerg 

Build Orders: Hatch First, Lurkers 

Get SALT Encoding   

  12  0:00  Drone  
  13  0:12  Overlord  
  13  0:17  Drone  
  14  0:31  Drone x2  
  16  0:47  Hatchery  
  15  0:50  Drone  
  15  0:55  Drone  
  17  0:57  Drone  
  18  1:09  Extractor  
  17  1:13  Spawning Pool  
  17  1:17  Drone  
  17  1:20  Drone  
  18  1:28  Drone  
  19  1:39  Drone  
  20  1:52  Drone  
  21  2:00  Zergling x2, Queen x2  
  26  2:01  Overlord  
  26  2:10  Drone  
  26  2:11  Drone  
  26  2:12  Metabolic Boost  
  28  2:21  Drone  
  28  2:22  Drone  
  30  2:33  Hatchery  
  30  2:35  Drone  
  30  2:42  Queen  
  32  2:51  Baneling Nest  
  31  2:52  Drone  
  31  2:55  Overlord  
  32  2:58  Drone x2  
  32  3:01  Drone  
  32  3:05  Drone  
  36  3:13  Drone x4  
  36  3:18  Zergling x2, Evolution Chamber  
  40  3:21  Zergling x2  
  40  3:22  Zergling x2  
  40  3:26  Drone  
  43  3:29  Overlord  
  43  3:35  Drone  
  44  3:45  Drone  
  44  3:46  Drone x5  
  50  3:49  Zerg Missile Weapons Level 1  
  50  3:50  Overlord  
  50  3:53  Zergling x2  
  50  3:54  Drone  
  52  3:57  Drone  
  52  3:58  Drone  
  52  3:59  Drone  
  54  4:08  Drone  
  54  4:09  Drone x2  
  57  4:12  Roach Warren  
  57  4:13  Drone x2  
  57  4:15  Drone  
  57  4:17  Zergling x6  
  62  4:19  Baneling x2  
  62  4:21  Overlord  
  62  4:23  Zergling x2  
  63  4:27  Lair  
  63  4:29  Drone x2  
  65  4:34  Overlord  
  65  4:35  Extractor  
  65  4:37  Extractor  
  63  4:39  Drone  
  63  4:40  Drone x3  
  63  4:41  Drone x2  
  63  4:45  Drone x4  
  73  4:47  Overlord  
  73  4:49  Drone  
  73  4:52  Overlord  
  74  4:54  Drone x3  
  74  4:58  Extractor x2  
  75  5:06  Drone x3  
  77  5:10  Pneumatized Carapace  
  77  5:14  Extractor  
  76  5:15  Drone x2  
  76  5:16  Drone  
  76  5:19  Drone  
  76  5:20  Drone x2  
  76  5:21  Overlord  
  82  5:24  Drone  
  82  5:26  Glial Reconstitution  
  82  5:27  Overlord  
  83  5:31  Roach x4  
  83  5:33  Roach  
  93  5:36  Hatchery  
  93  5:37  Roach  
  93  5:39  Overlord  
  92  5:43  Roach x2  
  92  5:48  Evolution Chamber, Overseer  
  92  5:49  Zerg Missile Weapons Level 2, Overlord  
  95  5:53  Drone x2, Overseer  
  97  5:57  Roach x3  
  97  5:58  Overlord  
  97  6:00  Overlord  
  103  6:04  Roach x3  
  103  6:11  Roach x2  
  112  6:13  Overlord  
  112  6:16  Zerg Ground Armor Level 1  
  112  6:18  Spore Crawler  
  111  6:19  Roach x2  
  111  6:21  Drone  
  111  6:22  Drone  
  117  6:26  Roach x2, Spore Crawler  
  117  6:29  Overlord  
  120  6:35  Roach x2  
  124  6:40  Drone  
  124  6:43  Infestation Pit  
  124  6:46  Overlord, Baneling  
  124  6:47  Baneling  
  124  6:48  Drone x4  
  124  6:49  Queen  
  124  6:50  Drone  
  124  6:52  Drone  
  124  6:53  Extractor, Ravager x4  
  135  6:55  Roach  
  135  6:59  Roach x2  
  135  7:00  Roach  
  143  7:01  Overlord  
  143  7:07  Roach x3  
  149  7:08  Roach  
  149  7:09  Roach  
  153  7:16  Overlord x2  
  153  7:17  Roach x3  
  153  7:19  Roach  
  161  7:25  Roach x3  
  161  7:29  Roach x3  
  172  7:30  Overlord  
  172  7:32  Hive  
  172  7:35  Roach x3  
  177  7:40  Overlord  
  177  7:42  Roach x3  
  181  7:46  Roach x3  
  181  7:47  Roach  
  181  7:51  Roach x2, Ravager  
  193  7:57  Hydralisk Den  
  193  7:58  Roach x3  
  197  8:00  Extractor, Roach  
  197  8:02  Roach  
  197  8:03  Roach  
  197  8:05  Roach  
  196  8:08  Roach x2  
  198  8:16  Drone  
  198  8:17  Roach  
  199  8:30  Lurker Den  
  198  8:35  Ravager  
  198  8:37  Ravager  
  199  8:48  Hatchery, Zerg Missile Weapons Level 3  
  198  9:11  Drone  
  198  9:15  Overseer x2  
  198  9:16  Overseer  
  199  9:18  Spine Crawler  
  198  9:28  Hatchery  
  191  9:32  Hydralisk x3  
  191  9:33  Hydralisk x2  
  191  9:35  Seismic Spines, Muscular Augments  
  199  10:02  Lurker  
  200  10:12  Lurker x4  
  200  10:15  Hydralisk  
  200  10:32  Adaptive Talons  
  200  10:47  Grooved Spines  
  200  10:48  Overlord  
  200  10:49  Hydralisk  
  198  11:02  Hydralisk x6  
  193  11:04  Roach x2  
  193  11:06  Roach x3  
  193  11:09  Roach x2  
  197  11:19  Viper x2  
  197  11:24  Hydralisk x3  
  197  11:25  Zerg Ground Armor Level 2  
  199  11:31  Hatchery  
  196  11:43  Viper x2  
  196  11:45  Extractor  
  196  11:46  Extractor  
  196  11:47  Overseer  
  196  11:48  Drone x4  
  196  11:53  Drone x2  
  198  11:54  Drone x2  
  198  11:59  Hydralisk x2  
  196  12:09  Hydralisk x3  
  196  12:14  Hydralisk  
  196  12:15  Hydralisk x5  
  194  12:31  Hydralisk x2  
  194  12:32  Hydralisk x4  
  197  12:54  Overlord x3  
  197  12:57  Overlord, Overseer  
  197  12:59  Spine Crawler  
  197  13:00  Overlord  
  197  13:02  Overlord  
  195  13:10  Spine Crawler  
  194  13:14  Overseer  
  194  13:16  Spine Crawler, Lurker x2  
  194  13:17  Lurker x7  
  200  13:24  Hydralisk Den  
  197  13:29  Overseer x3  
  197  13:32  Roach x2  
  185  13:44  Roach x16  
Show
View Real Time Build Order
Export as new Build Order

Rogue Zerg - Winner!

Build Orders: Hatch First, Lurkers 

Get SALT Encoding   

  12  0:00  Drone  
  13  0:11  Overlord  
  13  0:16  Drone  
  14  0:30  Drone  
  14  0:31  Drone  
  16  0:49  Hatchery  
  15  0:51  Drone  
  15  0:54  Drone  
  17  0:57  Drone  
  18  1:09  Extractor  
  17  1:12  Spawning Pool  
  17  1:15  Drone  
  17  1:19  Drone  
  18  1:28  Drone  
  19  1:38  Drone  
  20  1:49  Drone  
  21  2:00  Queen x2  
  26  2:01  Overlord, Drone  
  26  2:10  Drone  
  26  2:11  Drone  
  26  2:12  Metabolic Boost  
  28  2:21  Drone  
  30  2:22  Drone  
  30  2:31  Drone  
  30  2:33  Zergling x2  
  30  2:36  Hatchery  
  31  2:41  Queen  
  33  2:44  Drone  
  34  2:52  Baneling Nest  
  34  2:54  Overlord  
  34  2:57  Drone x2  
  35  3:04  Zergling x2  
  36  3:13  Drone x6  
  36  3:19  Overlord  
  42  3:23  Drone x2  
  44  3:27  Evolution Chamber  
  44  3:32  Drone  
  44  3:38  Drone  
  44  3:41  Drone x3  
  48  3:44  Drone  
  48  3:48  Baneling x2  
  49  3:51  Zergling x10  
  49  3:53  Zerg Missile Weapons Level 1  
  54  3:57  Overlord  
  54  3:59  Drone x2  
  56  4:07  Overlord  
  56  4:08  Drone  
  57  4:10  Overlord  
  57  4:16  Extractor  
  56  4:17  Extractor, Roach Warren  
  56  4:18  Drone x2  
  56  4:19  Drone x2  
  56  4:21  Drone x2  
  60  4:25  Drone  
  60  4:29  Lair  
  60  4:32  Drone x3  
  60  4:34  Drone  
  60  4:35  Drone x2  
  66  4:42  Drone x2  
  66  4:44  Overlord, Extractor  
  67  4:48  Drone x3  
  70  4:54  Drone  
  70  4:55  Pneumatized Carapace  
  70  4:56  Drone x5  
  70  4:59  Extractor  
  75  5:02  Drone x3  
  75  5:06  Overlord  
  78  5:09  Drone  
  78  5:11  Overlord, Extractor  
  78  5:17  Evolution Chamber  
  77  5:24  Drone x4  
  77  5:25  Drone  
  77  5:26  Overlord  
  77  5:28  Drone x6  
  88  5:30  Glial Reconstitution  
  86  5:44  Zerg Ground Armor Level 1, Roach  
  86  5:45  Roach x4, Hatchery  
  86  5:47  Overseer  
  86  5:48  Overseer  
  97  5:50  Roach  
  97  5:51  Zerg Missile Weapons Level 2  
  97  5:55  Roach  
  99  5:59  Roach x3  
  99  6:02  Roach x2  
  99  6:03  Overlord  
  107  6:12  Drone  
  107  6:13  Overlord, Roach x2  
  107  6:14  Overlord  
  107  6:15  Overlord  
  112  6:25  Spore Crawler  
  111  6:26  Drone  
  111  6:28  Spore Crawler  
  111  6:29  Spore Crawler, Drone  
  111  6:31  Extractor, Roach  
  111  6:32  Roach x6  
  124  6:37  Baneling x4  
  124  6:41  Queen  
  124  6:47  Burrow  
  126  6:48  Tunneling Claws  
  126  6:49  Roach x3  
  126  6:50  Roach x2  
  126  6:52  Roach  
  138  6:54  Roach  
  138  6:55  Overseer  
  140  7:05  Roach x5  
  150  7:11  Infestation Pit  
  150  7:12  Drone  
  150  7:13  Spine Crawler, Ravager x2  
  151  7:16  Overlord  
  151  7:24  Extractor, Overlord  
  151  7:25  Overlord x2  
  151  7:26  Overlord  
  149  7:30  Drone  
  149  7:33  Overlord  
  149  7:35  Ravager x3  
  153  7:37  Roach x3  
  153  7:38  Overlord  
  159  7:45  Roach x8  
  159  7:46  Overlord  
  173  7:54  Roach  
  173  7:55  Roach x4  
  173  7:57  Roach  
  183  8:04  Roach x3  
  186  8:07  Roach  
  178  8:13  Drone x5  
  178  8:17  Hive  
  183  8:20  Hydralisk Den  
  183  8:23  Ravager x2  
  183  8:24  Ravager  
  183  8:25  Drone  
  186  8:33  Zerg Ground Armor Level 2  
  186  8:36  Spine Crawler x2, Drone  
  186  8:37  Drone  
  186  8:38  Roach x31  
  186  8:42  Roach  
  186  8:43  Roach x5  
  186  8:46  Roach x7  
  198  8:51  Lurker Den  
  197  8:56  Hatchery  
  196  9:03  Roach  
  192  9:33  Hydralisk x5  
  200  9:39  Grooved Spines  
  200  9:54  Extractor  
  200  9:56  Overlord  
  197  10:00  Extractor  
  197  10:05  Seismic Spines  
  194  10:07  Lurker x3  
  197  10:15  Lurker x2  
  197  10:20  Spore Crawler  
  198  10:21  Spore Crawler  
  198  10:22  Spore Crawler  
  198  10:26  Zerg Missile Weapons Level 3  
  192  10:31  Nydus Network  
  192  10:32  Hydralisk x5  
  199  10:47  Spine Crawler  
  194  10:50  Muscular Augments  
  194  10:56  Hydralisk x5  
  192  10:58  Hydralisk x2  
  192  11:02  Zerg Ground Armor Level 3  
  192  11:03  Adaptive Talons  
  194  11:06  Hydralisk x6  
  194  11:11  Overlord  
  199  11:16  Overlord  
  195  11:26  Overlord, Roach x4  
  195  11:27  Roach  
  195  11:28  Roach  
  181  11:32  Lurker  
  181  11:33  Lurker x8  
  189  11:41  Hydralisk x4  
  195  11:50  Hydralisk  
  195  11:51  Hydralisk  
  199  11:58  Hydralisk  
  199  12:01  Hydralisk x2, Roach  
  191  12:02  Roach x3  
  191  12:08  Overlord, Hydralisk x2  
  190  12:13  Hydralisk x2  
  196  12:18  Lurker x2  
  196  12:19  Lurker x3  
  191  12:26  Hydralisk  
  191  12:27  Hydralisk x4  
  186  12:30  Drone x2  
  182  12:40  Hydralisk  
  182  12:41  Hydralisk x6  
  184  12:44  Overseer x2  
  178  12:53  Hydralisk x7  
  178  12:58  Hatchery  
  191  13:00  Nydus Canal  
  191  13:06  Hydralisk x4  
  199  13:17  Lurker  
  199  13:19  Nydus Canal, Overseer  
  200  13:20  Overseer x2  
  200  13:31  Hatchery  
  199  13:35  Nydus Canal  
  199  13:39  Hydralisk  
  190  13:42  Hydralisk x7, Overseer  
  190  13:43  Hydralisk  
  190  13:45  Hydralisk  
  188  13:55  Drone  
Tags
 
Composition
LurkersLurkers
Event
TSL 6
League
Master
Matchup
ZvZ
Race
Zerg
Spawn Locations
Cross Positions
Add a new tag
Caveats
  • Supply blocks, unpowered buildings, or Contaminate may cause inaccurate times.
  • Supply counts are checked every 10 seconds.